 Dungeon Crawl Stone Soup version 0.31-a0-960-g0fca184906 (webtiles) character file.

Game seed: 10474259993205792447

580 subawu the Ruffian (level 7, -1/78 HPs)
             Began as a Gnoll Shapeshifter on Oct 20, 2023.
             Slain by an orc
             ... wielding a +0 short sword
              (3 damage)
             ... on level 5 of the Dungeon on Oct 23, 2023.
             The game lasted 00:10:39 (3511 turns).

subawu the Ruffian (Gnoll Shapeshifter)             Turns: 3511, Time: 00:10:40

Health: -1/78      AC:  5    Str: 15    XL:     7   Next: 36%
Magic:  10/10      EV: 11    Int: 10    God:
Gold:   200        SH:  0    Dex:  9    Spells: 10/11 levels left

rFire   x .          .
                       - Unarmed
rCold   + . .        (no shield)
rNeg    . . .        p - +0 ring mail {rC+}
rPois   .            (helmet currently unavailable)
rElec   .            o - melded +0 cloak
rCorr   .            t - melded +0 pair of gloves
SInv    .            (boots currently unavailable)
Will    .....        (no amulet) Stlth
                     (no ring)
HPRegen 0.33/turn    (no ring)
MPRegen 0.12/turn

%: no passive effects
@: berserking (expiring), beast-form, very quick
A: beast (slay +3), fangs 1, strong nose, distributed training, horns 1, clumsy
1, heat vulnerability 1
a: Begin Untransformation


You were on level 5 of the Dungeon.
You were a hulking beast.
You visited 1 branch of the dungeon, and saw 5 of its levels.

You collected 200 gold pieces.

Inventory:

Hand Weapons
 n - a +2 quarterstaff of chaos
Missiles
 f - a throwing net
 h - 22 stones (quivered)
Armour
 a - a +0 animal skin
 m - a +0 scale mail
 o - a +0 cloak (melded)
 p - a +0 ring mail of cold resistance (worn)
 t - a +0 pair of gloves (melded)
Talismans
 c - a beast talisman (active)
 d - a flux talisman
Wands
 j - a wand of flame (39)
Scrolls
 b - 3 scrolls of immolation {unknown}
 e - 3 scrolls of teleportation
 g - 2 scrolls of identify
 i - a scroll of enchant armour
 k - a scroll of fog {unknown}
 q - a scroll of blinking {unknown}
 s - a scroll of enchant weapon {unknown}
Potions
 r - a potion of heal wounds {unknown}


   Skills:
 + Level 3.6 Fighting
 + Level 2.5 Short Blades
 + Level 2.5 Long Blades
 + Level 2.5 Axes
 + Level 2.5 Maces & Flails
 + Level 2.5 Polearms
 + Level 2.5 Staves
 + Level 2.5 Ranged Weapons
 + Level 2.5 Throwing
 + Level 2.5 Armour
 + Level 5.2 Dodging
 + Level 2.5 Stealth
 + Level 2.5 Shields
 + Level 7.0 Unarmed Combat
 + Level 2.5 Spellcasting
 + Level 2.0 Conjurations
 + Level 2.0 Hexes
 + Level 2.0 Summonings
 + Level 2.0 Necromancy
 + Level 2.0 Translocations
 + Level 2.0 Transmutations
 + Level 2.0 Fire Magic
 + Level 2.0 Ice Magic
 + Level 2.0 Air Magic
 + Level 2.0 Earth Magic
 + Level 2.0 Poison Magic
 + Level 2.7 Invocations
 + Level 2.5 Evocations
 + Level 6.9 Shapeshifting


You had 10 spell levels left.
You knew the following spells:

 Your Spells              Type           Power      Damage    Failure   Level
a - Shock                 Conj/Air       20%        1d4       24%         1

Your spell library contained the following spells:

 Spells                   Type           Power      Damage    Failure   Level
 Blink                    Tloc           10%        N/A       36%         2
 Lesser Beckoning         Tloc           10%        N/A       36%         2
 Momentum Strike          Conj/Tloc      10%        3d8       36%         2
 Swiftness                Air            5%         N/A       58%         3
 Airstrike                Air            2%         2d(1-17)  94%         4


Dungeon Overview and Level Annotations

Branches:
Dungeon (5/15)
 Temple: D:4-7

Altars:
Ashenzari
Cheibriados
Qazlal
Uskayaw
Vehumet
Xom
Yredelemnul

Shops:
D:4 !


Innate Abilities, Weirdness & Mutations

You are a hulking beast.
Your limbs bulge with bestial killing power. (Slay +3)
You have very sharp teeth.
Your uncanny sense of smell can sniff out nearby items.
Your experience applies equally to all skills.
You have a pair of small horns on your head.
You are clumsy. (Dex -2)
You are vulnerable to heat. (rF-)


Message History

The orc hits you but does no damage.
You hit the orc. Your headbutt misses the orc.
The orc is moderately wounded.
The orc completely misses you. The orc hits you with a +0 short sword.
* * * LOW HITPOINT WARNING * * *
The orc hits you with a +0 club.
* * * LOW HITPOINT WARNING * * *
Aiming: Throw Flame
Press: ? - help, Q - select action, (/) - cycle Shift-Dir - straight line, f - orc
Aim: an orc, wielding a +0 short sword and wearing a +0 leather armour (71% to hit)
The puff of flame hits the orc.
The orc is moderately wounded.
The orc hits you with a +0 short sword.
* * * LOW HITPOINT WARNING * * *
The orc barely misses you. The orc misses you.
You closely miss the orc. Your headbutt misses the orc.
The orc is moderately wounded.
The orc closely misses you. The orc hits you but does no damage.
You punch the orc!
You kill the orc!
The orc hits you with a +0 short sword.
* * * LOW HITPOINT WARNING * * *
The orc hits you but does no damage.
Things that are here:
a +0 club; a +0 leather armour The orc barely misses you.
It was a potion of berserk rage.
A red film seems to cover your vision as you go berserk!
You feel yourself moving faster!
You feel mighty! The orc hits you but does no damage.
The orc hits you with a +0 short sword.
* * * LOW HITPOINT WARNING * * *
You punch the orc!
You kill the orc!
The orc barely misses you. The orc hits you with a +0 short sword.
* * * LOW HITPOINT WARNING * * *
Items here: )) [[ †.
You feel a strong urge to attack something.
The orc hits you with a +0 short sword.
You die...

............._..#
..##########....#
..###.....###.♣.#
..##...⌠...#....#
..#.._..._..._..#
..#....#...⌠...##
.##.♣.###.....#####
###....##########.##
.##.._.......'..h..#
.###...⌠.....#.)o).#
.####........#.....#
.'########...#.....#
.#.....#.....#.....#
.##...###...########
.##...###...#
.......#....#
.......#....#


You could see an orc.

Vanquished Creatures
  Grinder (D:5)
  A phantom (D:5)
  A hound (D:4)
  Crazy Yiuf (D:4)
  3 iguanas (D:4)
  An orc wizard (D:5)
  4 gnolls (D:3)
  4 adders
  A worm (D:2)
  A dart slug (D:4)
  4 orcs
  11 ball pythons
  10 endoplasms
  2 goblins
  7 hobgoblins
  3 jackals (D:1)
  5 kobolds
  6 quokkas
  2 bats (D:1)
  6 frilled lizards
  4 rats
78 creatures vanquished.

Notes
Turn   | Place    | Note
-------+----------+-------------------------------------------
     0 | D:1      | subawu the Gnoll Shapeshifter began the quest for the Orb.
     0 | D:1      | Reached XP level 1. HP: 17/17 MP: 1/1
    55 | D:1      | Reached XP level 2. HP: 23/23 MP: 2/2
   559 | D:2      | Reached XP level 3. HP: 28/28 MP: 3/3
   624 | D:2      | Reached skill level 1 in Invocations
   902 | D:2      | Reached skill level 1 in Short Blades
   902 | D:2      | Reached skill level 1 in Long Blades
   902 | D:2      | Reached skill level 1 in Axes
   902 | D:2      | Reached skill level 1 in Maces & Flails
   902 | D:2      | Reached skill level 1 in Polearms
   902 | D:2      | Reached skill level 1 in Staves
   902 | D:2      | Reached skill level 1 in Ranged Weapons
   902 | D:2      | Reached skill level 1 in Throwing
   902 | D:2      | Reached skill level 1 in Armour
   902 | D:2      | Reached skill level 1 in Stealth
   902 | D:2      | Reached skill level 1 in Shields
   902 | D:2      | Reached skill level 1 in Spellcasting
   902 | D:2      | Reached skill level 1 in Evocations
  1280 | D:3      | Reached XP level 4. HP: 34/34 MP: 5/5
  1500 | D:3      | Reached skill level 1 in Conjurations
  1500 | D:3      | Reached skill level 1 in Hexes
  1500 | D:3      | Reached skill level 1 in Summonings
  1500 | D:3      | Reached skill level 1 in Necromancy
  1500 | D:3      | Reached skill level 1 in Translocations
  1500 | D:3      | Reached skill level 1 in Transmutations
  1500 | D:3      | Reached skill level 1 in Fire Magic
  1500 | D:3      | Reached skill level 1 in Ice Magic
  1500 | D:3      | Reached skill level 1 in Air Magic
  1500 | D:3      | Reached skill level 1 in Earth Magic
  1500 | D:3      | Reached skill level 1 in Poison Magic
  1519 | D:3      | Gained mutation: You are clumsy. (Dex -2) [potion of
                  | mutation]
  1519 | D:3      | Gained mutation: You are vulnerable to heat. (rF-) [potion
                  | of mutation]
  1519 | D:3      | Gained mutation: You have a pair of small horns on your
                  | head. [potion of mutation]
  1550 | D:3      | Reached XP level 5. HP: 5/40 MP: 5/7
  2192 | D:4      | Found Rosmink's Distillery.
  2363 | D:4      | Upgraded the game from 0.31-a0-940-gdaa99269f9 to
                  | 0.31-a0-960-g0fca184906
  2397 | D:4      | Found a radiant altar of Vehumet.
  2471 | D:4      | Reached XP level 6. HP: 47/47 MP: 8/8
  2808 | D:4      | Learned a level 1 spell: Shock
  2882 | D:4      | Found a runed translucent door.
  2883 | D:4      | Noticed Crazy Yiuf
  2889 | D:4      | Killed Crazy Yiuf
  2890 | D:4      | Reached skill level 5 in Dodging
  3021 | D:5      | Entered Level 5 of the Dungeon
  3281 | D:5      | Found a hide-covered altar of Uskayaw.
  3347 | D:5      | Noticed Grinder
  3365 | D:5      | Killed Grinder
  3366 | D:5      | Reached skill level 7 in Unarmed Combat
  3366 | D:5      | Reached XP level 7. HP: 35/52 MP: 10/10
  3434 | D:5      | Found a basalt altar of Yredelemnul.
  3443 | D:5      | Found a snail-covered altar of Cheibriados.
  3447 | D:5      | Found a stormy altar of Qazlal.
  3452 | D:5      | Found a shimmering altar of Xom.
  3461 | D:5      | Found a broken altar of Ashenzari.
  3509 | D:5      | HP: 2/78 [orc/+0 short sword (4)]
  3511 | D:5      | Slain by an orc

Illustrated notes

Levels and vault maps discovered:
D:1:      heliophobic_arrival_henge, layout_rooms
D:2:      layout_loops_cross
D:3:      layout_basic
D:4:      layout_loops_ring, vehumet_altar_wand_db, serial_shops, shop,
          uniq_crazy_yiuf_cottage
D:5:      layout_gridville, nicolae_uskayaw_suspiria,
          nicolae_overflow_hallway_of_the_gods, hangedman_decor_clover_reticule,
          hangedman_decor_push, uniq_grinder

Skill      XL: |  1  2  3  4  5  6 |
---------------+-------------------+-----
Invocations    | 1 2 |  2.7
Short Blades   | 1 2 |  2.5
Long Blades    | 1 2 |  2.5
Axes           | 1 2 |  2.5
Maces & Flails | 1 2 |  2.5
Polearms       | 1 2 |  2.5
Staves         | 1 2 |  2.5
Ranged Weapons | 1 2 |  2.5
Throwing       | 1 2 |  2.5
Armour         | 1 2 |  2.5
Stealth        | 1 2 |  2.5
Shields        | 1 2 |  2.5
Spellcasting   | 1 2 |  2.5
Evocations     | 1 2 |  2.5
Conjurations   | 1 2 |  2.0
Hexes          | 1 2 |  2.0
Summonings     | 1 2 |  2.0
Necromancy     | 1 2 |  2.0
Translocations | 1 2 |  2.0
Transmutations | 1 2 |  2.0
Fire Magic     | 1 2 |  2.0
Ice Magic      | 1 2 |  2.0
Air Magic      | 1 2 |  2.0
Earth Magic    | 1 2 |  2.0
Poison Magic   | 1 2 |  2.0
Fighting       | 3 |  3.6
Dodging        | 5 |  5.2
Unarmed Combat | 7 |  7.0
Shapeshifting  | |  6.9

Action                     |  1- 3 |  4- 6 |  7- 9 || total
---------------------------+-------+-------+-------++-------
  Melee: Unarmed           |    72 |   115 |    16 ||   203
         Bite              |     3 |    14 |     2 ||    19
         Punch             |     3 |     4 |       ||     7
         Headbutt          |       |    19 |     2 ||    21
  Evoke: Wand              |       |       |     1 ||     1
    Use: Potion            |       |     7 |     1 ||     8
         Scroll            |       |     6 |       ||     6
 Armour: Animal skin       |    20 |       |       ||    20
         Ring mail         |    14 |    71 |    38 ||   123
         Scale mail        |     7 |       |       ||     7
         Skin              |       |    14 |       ||    14
  Dodge: Dodged            |    50 |    70 |    30 ||   150
   Form: Beast             |       |     2 |       ||     2
                           |       |     1 |       ||     1

Table legend: (Time is in decaauts)
 A = Elapsed time spent in this place.
 B = Non-inter-level travel time spent in this place.
 C = Inter-level travel time spent in this place.
 D = Time resting spent in this place.
 E = Time spent auto-exploring this place.
 F = Levels seen in this place.
 G = Mean time per level.
                   A        B        C        D        E       F      G
               +--------+--------+--------+--------+--------+-----+--------+
         Total |   3483 |   3344 |    139 |      0 |   2125 |   5 |  696.6 |
       Dungeon |   3483 |   3344 |    139 |      0 |   2125 |   5 |  696.6 |
               +--------+--------+--------+--------+--------+-----+--------+

Top non-repeatable levels by time:
     D:4: 1037 daAuts
     D:2: 738 daAuts
     D:3: 716 daAuts
     D:1: 506 daAuts
     D:5: 484 daAuts
